 Dungeon Crawl Stone Soup version 0.19.1 (webtiles) character file.

373 CanadianGator the Ruffian (level 6, -2/61 HPs)
             Began as a Troll Monk on Dec 12, 2016.
             Slain by a slave (3 damage)
             ... led by Pikel
             ... on level 4 of the Dungeon.
             The game lasted 00:08:16 (2038 turns).

CanadianGator the Ruffian (Troll Monk)              Turns: 2038, Time: 00:08:17

Health: -2/61      AC:  8    Str: 23    XL:     6   Next: 43%
Magic:  5/5        EV: 11    Int:  6    God:
Gold:   149        SH:  0    Dex: 14    Spells: 0 memorised, 5 levels left

rFire  . . .     SeeInvis .       - Unarmed
rCold  . . .     Gourm    +     a - +1 robe
rNeg   . . .     Faith    .     (no shield)
rPois  .         Spirit   .     (helmet restricted)
rElec  .         Reflect  .     n - +0 cloak
rCorr  .         Harm     .     (gloves unavailable)
MR     .....                    (boots unavailable)
Stlth  ++........               r - amulet of magic regeneration
                                p - +1 ring of protection
                                l - +3 ring of strength

@: no status effects
A: unfitting armour, claws 3, fast metabolism 3, gourmand, regeneration 1,
shaggy fur 1, tough skin 2
a: no special abilities


You were on level 4 of the Dungeon.
You were not hungry.

You visited 1 branch of the dungeon, and saw 4 of its levels.

You collected 149 gold pieces.

Inventory:

Missiles
 j - 3 large rocks (quivered)
Armour
 a - a +1 robe (worn)
 n - a +0 cloak (worn)
Jewellery
 l - a +3 ring of strength (left claw)
 m - an uncursed ring of protection from cold
 p - a +1 ring of protection (right claw)
 r - an amulet of magic regeneration (around neck)
Scrolls
 c - 2 scrolls of teleportation
 d - 2 scrolls of remove curse {unknown}
 e - 2 scrolls of enchant armour
 g - a scroll of fear {unknown}
 i - 6 scrolls of identify {unknown}
Comestibles
 b - 6 bread rations
 k - 2 beef jerkies
 q - a meat ration


   Skills:
 + Level 3.0 Fighting
 + Level 2.2 Throwing
 + Level 1.9 Armour
 * Level 3.8 Dodging
 - Level 1.0 Stealth
 * Level 4.3 Unarmed Combat


You had 5 spell levels left.
You didn't know any spells.

Dungeon Overview and Level Annotations

Branches:
Dungeon (4/15)
 Temple: D:4-7

Altars:
Hepliaklqana
Yredelemnul

Annotations:
D:4 Pikel


Innate Abilities, Weirdness & Mutations

You are too large for most types of armour.
You have claws for hands.
Your metabolism is lightning-fast.
You like to eat raw meat.
Your natural rate of healing is unusually fast.
You are covered in fur. (AC +1)
You have very tough skin. (AC +2)


Message History

The slave hits you but does no damage. Pikel waves a pair of manacles at you.
Pikel completely misses you. The slave hits you.
* * * LOW HITPOINT WARNING * * *
The slave barely misses you.
You scratch Pikel but do no damage.
Pikel is moderately wounded.
The slave closely misses you. Pikel closely misses you.
The slave closely misses you.
You claw Pikel!
Pikel is severely wounded.
The slave hits you.
* * * LOW HITPOINT WARNING * * *
The slave hits you but does no damage. Pikel misses you. The slave hits you.
* * * LOW HITPOINT WARNING * * *
Unknown command.
You scratch Pikel.
Pikel is severely wounded.
The slave hits you but does no damage. The slave hits you.
You die...

...#.##)...........#
#.####.#.....##....#.#
#.. #.#..##.#.###<# ..
#.#..##.#.....# #.
#.#..##.###.#.#
#..#.#..##.s...#.#
#..#.#..########.#
#............. #.#
#...@p...##### #.#
#..Kpp....# #.#
#............ .#
..#.####.#+### #. ..
... # .## .... ..
....# #. ..+


You could see Pikel and 3 slaves.

Vanquished Creatures
  A slave (D:4)
  Crazy Yiuf (D:2)
  Terence (D:2)
  Natasha (thrice) (D:2)
  2 orc wizards (D:4)
  Robin (D:2)
  7 gnolls (D:3)
  3 adders
  A worm (D:2)
  2 dart slugs
  3 leopard geckos
  2 orcs (D:4)
  4 giant cockroaches
  18 goblins
  9 hobgoblins
  5 kobolds
  4 ball pythons
  10 bats
  4 frilled lizards
  6 rats
87 creatures vanquished.

Notes
Turn   | Place    | Note
-------+----------+-------------------------------------------
     0 | D:1      | CanadianGator the Troll Monk began the quest for the Orb.
     0 | D:1      | Reached XP level 1. HP: 22/22 MP: 0/0
   138 | D:1      | Reached XP level 2. HP: 24/29 MP: 1/1
   489 | D:2      | Noticed Terence
   491 | D:2      | Noticed Natasha
   494 | D:2      | Noticed a crimson imp
   497 | D:2      | Killed Terence
   497 | D:2      | Reached XP level 3. HP: 34/36 MP: 0/2
   501 | D:2      | Killed Natasha
   501 | D:2      | Reached skill level 1 in Armour
   516 | D:2      | Noticed Robin
   519 | D:2      | Reached XP level 4. HP: 44/44 MP: 1/3
   525 | D:2      | Killed Robin
   529 | D:2      | Reached skill level 1 in Throwing
   539 | D:2      | Noticed Natasha
   545 | D:2      | Killed Natasha
   600 | D:2      | Found a runed door.
   721 | D:2      | Reached XP level 5. HP: 50/50 MP: 4/4
   751 | D:2      | Noticed Natasha
   755 | D:2      | Killed Natasha
   875 | D:2      | Found a hazy altar of Hepliaklqana.
   881 | D:2      | Found a basalt altar of Yredelemnul.
  1172 | D:2      | Noticed Crazy Yiuf
  1178 | D:2      | Killed Crazy Yiuf
  1178 | D:2      | Reached skill level 4 in Unarmed Combat
  1376 | D:3      | Reached XP level 6. HP: 59/59 MP: 5/5
  1546 | D:3      | Found a faded altar of an unknown god.
  2013 | D:4      | Noticed a slave
  2015 | D:4      | Noticed a slave
  2016 | D:4      | Noticed Pikel
  2017 | D:4      | Noticed a slave
  2019 | D:4      | Killed a slave
  2021 | D:4      | Noticed a slave
  2034 | D:4      | HP: 3/61 [Pikel/whip of flaming (1)]
  2037 | D:4      | HP: 1/61 [slave[Pikel] (1)]
  2038 | D:4      | Slain by a slave

Skill      XL: |  1  2  3  4  5  6 |
---------------+-------------------+-----
Dodging        | 3 |  3.8
Armour         | 1 |  1.9
Throwing       | 1 2 |  2.2
Unarmed Combat | 4 |  4.3
Fighting       | 3 |  3.0
Stealth        | |  1.0

Action                   |  1- 3 |  4- 6 || total
-------------------------+-------+-------++-------
Melee: Unarmed           |    52 |   150 ||   202
       Punch             |       |     2 ||     2
Throw: Large rock        |       |    10 ||    10
  Use: Scroll            |       |     2 ||     2
       Potion            |       |     5 ||     5
 Stab: Sleeping          |       |     4 ||     4
  Eat: Chunk             |     3 |    16 ||    19
Armor: Robe              |    23 |    38 ||    61
Dodge: Dodged            |    27 |   104 ||   131
